 Dungeon Crawl Stone Soup version 0.20.1-1-g8b1a95d (webtiles) character file.

109 Lanoc the Stinger (level 5, -3/36 HPs)
             Began as a Formicid Venom Mage on Nov 26, 2017.
             Slain by an ice beast (14 damage)
             ... on level 4 of the Dungeon.
             The game lasted 00:16:35 (2662 turns).

Lanoc the Stinger (Formicid Venom Mage)             Turns: 2662, Time: 00:16:36

Health: -3/36      AC:  2    Str: 13    XL:     5   Next: 13%
Magic:  2/9        EV: 12    Int: 15    God:
Gold:   136        SH:  4    Dex: 11    Spells: 4/10 levels left

rFire    . . .     SeeInvis +   v - +2 flail (holy)
rCold    . . .     Gourm    .   (no shield)
rNeg     . . .     Faith    .   a - +0 robe
rPois    .         Spirit   .   (helmet unavailable)
rElec    .         Reflect  +   k - scarf {repulsion}
rCorr    .         Harm     .   (no gloves)
MR       .....                  (no boots)
Stlth    ++........             o - +4 amulet of reflection
Regen    0.2/turn               (no ring)
MPRegen  0.2/turn               (no ring)

@: very slightly contaminated, repel missiles
A: permanent stasis, dig shafts and tunnels, four strong arms, antennae 3
a: Dig, Shaft Self


You were on level 4 of the Dungeon.
You were hungry.

You visited 1 branch of the dungeon, and saw 4 of its levels.

You collected 136 gold pieces.

Inventory:

Hand Weapons
 v - a +2 flail of holy wrath (weapon)
Missiles
 j - 2 tomahawks of returning (quivered)
 n - 3 tomahawks
Armour
 a - a +0 robe (worn)
 k - a scarf of repulsion (worn)
Jewellery
 o - a +4 amulet of reflection (around neck)
Scrolls
 e - a scroll of noise {unknown}
 i - 2 scrolls of identify {unknown}
 m - a scroll of remove curse {unknown}
 s - a scroll of random uselessness {unknown}
 t - a scroll of fog {unknown}
 u - a scroll of recharging {unknown}
Potions
 g - a potion of flight {unknown}
 h - a potion of curing
 l - a potion of resistance {unknown}
 p - a potion of degeneration {unknown}
 q - a potion of mutation {unknown}
Books
 b - a Young Poisoner's Handbook

   Spells                             Type                      Level
   a - Sting                          Conjuration/Poison           1
   b - Poisonous Vapours              Poison/Air                   2
   c - Mephitic Cloud                 Conjuration/Poison/Air       3
   d - Olgreb's Toxic Radiance        Poison                       4
   e - Venom Bolt                     Conjuration/Poison           5
Comestibles
 c - 3 bread rations
 d - 2 royal jellies
 f - a meat ration


   Skills:
 + Level 0.4 Fighting
 + Level 0.6 Maces & Flails
 + Level 0.4 Throwing
 + Level 1.8 Dodging
 + Level 2.8 Stealth
 + Level 3.2 Spellcasting
 + Level 1.5 Conjurations
 + Level 0.7 Air Magic
 + Level 5.1 Poison Magic


You had 4 spell levels left.
You knew the following spells:

 Your Spells              Type           Power        Failure   Level  Hunger
a - Sting                 Conj/Pois      ##..         4%          1    #......
b - Poisonous Vapours     Pois/Air       ##....       9%          2    ##.....
c - Mephitic Cloud        Conj/Pois/Air  #.......     22%         3    ###....


Dungeon Overview and Level Annotations

Branches:
Dungeon (4/15)
 Temple: D:4-7

Altars:
Dithmenos
Gozag
Yredelemnul

Shops:
D:2 *


Innate Abilities, Weirdness & Mutations

You cannot be hasted, slowed, berserked, paralysed or teleported.
You can dig through walls and to a lower floor.
Your four strong arms can wield two-handed weapons with a shield.
You have a pair of large antennae on your head. (SInv)


Message History

Casting: Sting
Confirm with . or Enter, or press ? or * to list all spells.
Aiming: Sting
Press: ? - help, Shift-Dir - straight line, f/p - ice beast
Aim: an ice beast (moderately wounded)
The sting hits the ice beast.
The ice beast appears unharmed.
The ice beast is moderately wounded.
You block the ice beast's attack.
Casting: Sting
Confirm with . or Enter, or press ? or * to list all spells.
Aiming: Sting
Press: ? - help, Shift-Dir - straight line, f/p - ice beast
Aim: an ice beast (moderately wounded)
The sting hits the ice beast.
The ice beast is moderately wounded.
The ice beast hits you. The ice beast freezes you!
* * * LOW HITPOINT WARNING * * *
It was a potion of curing.
You feel better. The ice beast hits you. The ice beast freezes you!
You die...

.......
...... ...
.... .... ...
..... #.#
...#
##.####...##
#..........#
#..........+
#@Y........#
#..........#
##...<......#
#.....#..#.#.
############


You could see an ice beast.

Vanquished Creatures
  4 adders
  2 oozes
  A dart slug (D:2)
  A leopard gecko (D:1)
  4 orcs (D:3)
  7 bats
  6 giant cockroaches
  4 goblins
  5 hobgoblins
  A jackal (D:1)
  2 quokkas (D:2)
  5 frilled lizards
  8 kobolds
  9 rats
59 creatures vanquished.

Notes
Turn   | Place    | Note
-------+----------+-------------------------------------------
     0 | D:1      | Lanoc the Formicid Venom Mage began the quest for the Orb.
     0 | D:1      | Reached XP level 1. HP: 13/13 MP: 3/3
   182 | D:1      | Reached XP level 2. HP: 19/19 MP: 0/5
   231 | D:1      | Learned a level 2 spell: Poisonous Vapours
   567 | D:1      | Reached skill level 1 in Conjurations
   866 | D:2      | Reached XP level 3. HP: 24/24 MP: 4/6
   925 | D:2      | Found a shadowy altar of Dithmenos.
  1130 | D:2      | Found a faded altar of an unknown god.
  1306 | D:2      | Found a basalt altar of Yredelemnul.
  1396 | D:2      | Reached skill level 5 in Poison Magic
  1480 | D:2      | Reached XP level 4. HP: 10/30 MP: 0/7
  1717 | D:2      | Found an opulent altar of Gozag.
  1720 | D:2      | Found Gozag's Platinum Reserve.
  2071 | D:3      | Learned a level 3 spell: Mephitic Cloud
  2290 | D:3      | Reached XP level 5. HP: 36/36 MP: 3/9
  2645 | D:4      | Noticed an ice beast
  2662 | D:4      | Slain by an ice beast

Skill      XL: |  1  2  3  4 |
---------------+-------------+-----
Conjurations   | 1 |  1.5
Poison Magic   | 5 |  5.1
Spellcasting   | 3 |  3.2
Fighting       | |  0.4
Maces & Flails | |  0.6
Throwing       | |  0.4
Dodging        | |  1.8
Stealth        | |  2.8
Air Magic      | |  0.7

Action                   |  1- 3 |  4- 6 || total
-------------------------+-------+-------++-------
Melee: Unarmed           |     3 |       ||     3
       Club              |    10 |     6 ||    16
       Flail             |       |     7 ||     7
Throw: Tomahawk          |     9 |       ||     9
 Cast: Sting             |    35 |    17 ||    52
       Poisonous Vapours |    17 |    24 ||    41
  Use: Potion            |       |     1 ||     1
  Eat: Chunk             |     3 |     5 ||     8
Armor: Robe              |     9 |     4 ||    13
Dodge: Dodged            |    28 |    10 ||    38
Block: Other             |     5 |     1 ||     6
